 Dungeon Crawl Stone Soup version 0.29.0-15-g675c0067aa (webtiles) character file.

Game seed: 5889038986427999004

112 groovy9 the Digger (level 4, -2/36 HPs)
             Began as a Gargoyle Earth Elementalist on Sept 11, 2022.
             Slain by a kobold brigand
             ... wielding a +2 dagger of speed
              (4 damage)
             ... on level 3 of the Dungeon.
             The game lasted 00:11:49 (3896 turns).

groovy9 the Digger (Gargoyle Earth Elementalist)    Turns: 3896, Time: 00:11:50

Health: -2/36      AC: 22    Str: 11    XL:     4   Next: 95%
Magic:  4/8        EV:  2    Int: 18    God:
Gold:   133        SH:  5    Dex: 10    Spells: 5/9 levels left

rFire   . . .      SeeInvis .   h - +0 mace
rCold   . . .      Faith    .   (no shield)
rNeg    + . .      Spirit   .   (body armour currently unavailable)
rPois   ∞          Reflect  +   (helmet currently unavailable)
rElec   .          Harm     .   (cloak currently unavailable)
rCorr   .          Rampage  .   (gloves currently unavailable)
Will    .....      NoTele   +   (boots currently unavailable)
Stlth   ++........              c - amulet of reflection
HPRegen 0.12/turn               (no ring)
MPRegen 0.11/turn               (no ring)

@: mighty, tree-form
A: stationary, stasis, torment immunity, boosted hp, sickness immunity, AC +3,
negative energy resistance 1, (electricity resistance), torment resistance 1,
petrification resistance
a: no special abilities


You were on level 3 of the Dungeon.
You were a tree.
You visited 1 branch of the dungeon, and saw 3 of its levels.

You collected 133 gold pieces.

Inventory:

Hand Weapons
 h - a +0 mace (weapon)
Armour
 a - a +0 robe (melded)
 b - a +0 helmet (melded)
 j - a +0 pair of boots (melded)
Jewellery
 c - an amulet of reflection (around neck)
Wands
 g - a wand of mindburst (5)
Scrolls
 m - a scroll of vulnerability {unknown}
 o - a scroll of immolation {unknown}
 p - a scroll of brand weapon {unknown}
Potions
 d - a potion of berserk rage {unknown}
 f - a potion of might
 i - 2 potions of heal wounds {unknown}
 k - 2 potions of flight {unknown}
 l - a potion of magic
 n - a potion of haste {unknown}
 q - a potion of curing {unknown}


   Skills:
 - Level 1.5 Dodging
 - Level 2.1 Stealth
 * Level 3.0 Spellcasting
 * Level 2.4 Conjurations
 * Level 1.9 Transmutations
 + Level 4.1 Earth Magic


You had 5 spell levels left.
You knew the following spells:

 Your Spells              Type           Power      Damage    Failure   Level
a - Sandblast             Erth           34%        2d9       3%          1
b - Stone Arrow           Conj/Erth      28%        3d8       13%         3

Your spell library contained the following spells:

 Spells                   Type           Power      Damage    Failure   Level
 Passwall                 Tmut/Erth      10%        N/A       7%          2
 Freeze                   Ice            8%         1d3       16%         1
 Frozen Ramparts          Ice            4%         1d1       43%         3
 Petrify                  Tmut/Erth      13%        N/A       43%         4
 Hailstorm                Conj/Ice       7%         3d4       69%         4


Dungeon Overview and Level Annotations

Branches:
Dungeon (3/15)

Altars:


Innate Abilities, Weirdness & Mutations

You are a tree.
Your roots penetrate the ground, keeping you stationary.
You cannot be teleported.
You are immune to unholy pain and torment.
Your maximum health is greatly increased.
Your equipment is partially melded.
You are immune to sickness and miasma.
((Your stone body is resilient. (AC +3)))
You are immune to poison.
You resist negative energy. (rN+)
((You are resistant to electric shocks. (rElec)))
You are resistant to unholy torment.
You are immune to petrification.


Message History

The kobold brigand hits you with a +2 dagger of speed.
* * * LOW HITPOINT WARNING * * *
The kobold brigand hits you but does no damage.
Casting: Sandblast (safe; 3% risk of failure)
Confirm with . or Enter, or press ? or * to list all spells.
Aiming: Sandblast (safe; 3% risk of failure)
Press: ? - help, Shift-Dir - straight line, f/p - kobold brigand
Aim: a kobold brigand, wielding a +2 dagger of speed, wearing a +2 scale mail of cold resistance and quivering poisoned darts (heavily wounded, 80% to hit)
The blast of sand hits the kobold brigand but does no damage.
The kobold brigand is heavily wounded.
The kobold brigand hits you but does no damage.
The kobold brigand hits you with a +2 dagger of speed.
* * * LOW HITPOINT WARNING * * *
The kobold brigand hits you but does no damage.
Casting: Sandblast (safe; 3% risk of failure)
Confirm with . or Enter, or press ? or * to list all spells.
Aiming: Sandblast (safe; 3% risk of failure)
Press: ? - help, Shift-Dir - straight line, f/p - kobold brigand
Aim: a kobold brigand, wielding a +2 dagger of speed, wearing a +2 scale mail of cold resistance and quivering poisoned darts (heavily wounded, 80% to hit)
The blast of sand hits the kobold brigand but does no damage.
The kobold brigand is heavily wounded.
The kobold brigand hits you but does no damage. x2
Casting: Sandblast (safe; 3% risk of failure)
Confirm with . or Enter, or press ? or * to list all spells.
Aiming: Sandblast (safe; 3% risk of failure)
Press: ? - help, Shift-Dir - straight line, f/p - kobold brigand
Aim: a kobold brigand, wielding a +2 dagger of speed, wearing a +2 scale mail of cold resistance and quivering poisoned darts (heavily wounded, 80% to hit)
The blast of sand hits the kobold brigand but does no damage.
The kobold brigand is heavily wounded.
The kobold brigand hits you but does no damage. x2
You sock the kobold brigand!
The kobold brigand is severely wounded.
The kobold brigand hits you but does no damage.
You block the kobold brigand's attack.
You hit the kobold brigand but do no damage.
The kobold brigand is severely wounded.
The kobold brigand hits you with a +2 dagger of speed.
* * * LOW HITPOINT WARNING * * *
The kobold brigand hits you with a +2 dagger of speed.
You die...

#.#.# #..............##.....##...
#.#.# #..........###.##.....##.##
#.#.# #....####### #.##.....##.##
#.#.###....# #.##.....##.##
#..........# #.##.....##.#~
###.##.#.#.# #.##.....##.~~
....##.#.#.# #.####.#....~~
######.#.#.#########......#####~≈
#.#.#......♣K........# #~~
#.#.################.# #~~ #.#..
..O# ##~ #.### #.. #~ #.# #.. ##
#.. .. #. #.#######


You could see a kobold brigand.

Vanquished Creatures
  Robin (D:1)
  2 adders
  4 worms
  A dart slug (D:3)
  2 orcs (D:3)
  A ball python (D:2)
  3 endoplasms
  13 goblins
  8 hobgoblins
  2 jackals (D:1)
  10 kobolds
  A quokka (D:2)
  7 bats
  4 frilled lizards
  3 rats
62 creatures vanquished.

Notes
Turn   | Place    | Note
-------+----------+-------------------------------------------
     0 | D:1      | groovy9 the Gargoyle Earth Elementalist began the quest for
                  | the Orb.
     0 | D:1      | Reached XP level 1. HP: 10/10 MP: 3/3
   140 | D:1      | Found a faded altar of an unknown god.
   258 | D:1      | Reached skill level 1 in Transmutations
   407 | D:1      | Reached XP level 2. HP: 15/15 MP: 0/5
   557 | D:1      | Reached skill level 1 in Conjurations
  1114 | D:1      | Reached XP level 3. HP: 19/19 MP: 4/6
  1118 | D:1      | Learned a level 3 spell: Stone Arrow
  1908 | D:2      | Noticed Robin
  2130 | D:1      | Reached skill level 4 in Earth Magic
  2130 | D:1      | Reached XP level 4. HP: 15/24 MP: 6/8
  2243 | D:1      | Killed Robin
  3354 | D:3      | Noticed an ogre
  3459 | D:3      | Noticed a kobold brigand
  3896 | D:3      | Slain by a kobold brigand

Illustrated notes

Levels and vault maps discovered:
D:1:      lemuel_arrival_muddy, layout_basic, ebering_ecumenical_altar_webs
D:2:      layout_loops_corners, uniq_robin
D:3:      cheibrodos_thug_alley, layout_basic, uniq_crazy_yiuf_cottage

Skill      XL: |  1  2  3  4 |
---------------+-------------+-----
Transmutations | 1 |  1.9
Conjurations   | 1 2 |  2.4
Earth Magic    | 4 |  4.1
Spellcasting   | 3 |  3.0
Dodging        | |  1.5
Stealth        | |  2.1

Action                   |  1- 3 |  4- 6 || total
-------------------------+-------+-------++-------
Melee: Mace              |     6 |     6 ||    12
 Cast: Sandblast         |    49 |    51 ||   100
  Use: Scroll            |     3 |       ||     3
       Potion            |     1 |     2 ||     3
Armor: Robe              |    12 |     5 ||    17
       Skin              |       |    11 ||    11
Dodge: Dodged            |    20 |    12 ||    32
Block: Other             |    10 |     8 ||    18
